 Dungeon Crawl Stone Soup version 0.21.1-1-g345015f (webtiles) character file.

175 RollingDesktops the Grasshopper (level 5, -4/43 HPs)
             Began as a Gnoll Warper on Apr 12, 2018.
             Slain by salinator123's ghost (7 damage)
             ... on level 3 of the Dungeon.
             The game lasted 00:10:36 (2801 turns).

RollingDesktops the Grasshopper (Gnoll Warper)      Turns: 2801, Time: 00:10:36

Health: -4/43      AC:  4    Str: 15    XL:     5   Next: 55%
Magic:  12/12      EV: 13    Int: 17    God:
Gold:   150        SH:  0    Dex: 14    Spells: 2/14 levels left

rFire    . . .     SeeInvis .   e - +2 dagger (drain)
rCold    . . .     Gourm    .   (no shield)
rNeg     . . .     Faith    .   b - +0 leather armour
rPois    .         Spirit   .   l - +0 helmet
rElec    .         Reflect  .   (no cloak)
rCorr    .         Harm     .   (no gloves)
MR       .....                  (no boots)
Stlth    +.........             (no amulet)
HPRegen  0.14/turn              g - +2 ring of intelligence
MPRegen  0.13/turn              (no ring)

@: drained
A: distributed training, fangs 1, strong nose
a: no special abilities


You were on level 3 of the Dungeon.
You were very full.

You visited 1 branch of the dungeon, and saw 3 of its levels.

You collected 150 gold pieces.

Inventory:

Hand Weapons
 a - a +0 falchion
 e - a +2 dagger of draining (weapon)
Missiles
 d - 5 tomahawks (quivered)
Armour
 b - a +0 leather armour (worn)
 l - a +0 helmet (worn)
Jewellery
 g - a +2 ring of intelligence (left hand)
Scrolls
 i - 2 scrolls of teleportation {unknown}
 j - 6 scrolls of identify
 k - a scroll of remove curse
 m - a scroll of magic mapping
Potions
 h - 2 potions of degeneration
Books
 c - a book of Spatial Translocations

   Spells                             Type                      Level
   a - Blink                          Translocation                2
   b - Shroud of Golubria             Charms/Translocation         2
   c - Lesser Beckoning               Translocation                3
   d - Gell's Gravitas                Translocation                3
   e - Teleport Other                 Translocation                3
   f - Passage of Golubria            Translocation                4
Comestibles
 f - a ration


   Skills:
 + Level 4.8(3.8) Fighting
 + Level 1.5(0.6) Short Blades
 + Level 4.8(3.8) Long Blades
 + Level 1.5(0.6) Axes
 + Level 1.5(0.6) Maces & Flails
 + Level 1.5(0.6) Polearms
 + Level 1.5(0.6) Staves
 + Level 1.5(0.6) Slings
 + Level 1.5(0.6) Bows
 + Level 1.5(0.6) Crossbows
 + Level 3.0(2.1) Throwing
 + Level 3.0(2.1) Armour
 + Level 4.8(3.8) Dodging
 + Level 1.5(0.6) Stealth
 + Level 1.5(0.6) Shields
 + Level 1.5(0.6) Unarmed Combat
 + Level 5.2(4.2) Spellcasting
 + Level 1.2(0.3) Conjurations
 + Level 1.2(0.3) Hexes
 + Level 1.2(0.3) Charms
 + Level 1.2(0.3) Summonings
 + Level 1.2(0.3) Necromancy
 + Level 5.5(4.6) Translocations
 + Level 1.2(0.3) Transmutations
 + Level 1.2(0.3) Fire Magic
 + Level 1.2(0.3) Ice Magic
 + Level 1.2(0.3) Air Magic
 + Level 1.2(0.3) Earth Magic
 + Level 1.2(0.3) Poison Magic
 + Level 1.7(0.8) Invocations
 + Level 1.5(0.6) Evocations


You had 2 spell levels left.
You knew the following spells:

 Your Spells              Type           Power        Failure   Level  Hunger
a - Blink                 Tloc           N/A          4%          2    ##.....
b - Gell's Gravitas       Tloc           ###.......   9%          3    ###....
c - Teleport Other        Tloc           ###.....     9%          3    ###....
d - Passage of Golubria   Tloc           N/A          28%         4    ####...


Dungeon Overview and Level Annotations

Branches:
Dungeon (3/15)

Altars:
Ashenzari
Hepliaklqana
The Shining One

Annotations:
D:3 salinator123's ghost, amateur HuFi


Innate Abilities, Weirdness & Mutations

Your experience applies equally to all skills.
You have very sharp teeth.
Your uncanny sense of smell can sniff out nearby items.


Message History

Salinator123's ghost hits you.
* * * LOW HITPOINT WARNING * * *
You hit salinator123's ghost.
Salinator123's ghost is heavily damaged.
Salinator123's ghost misses you.
You hit salinator123's ghost but do no damage.
Salinator123's ghost is heavily damaged.
Salinator123's ghost hits you.
* * * LOW HITPOINT WARNING * * *
You hit salinator123's ghost.
Salinator123's ghost is heavily damaged.
Salinator123's ghost barely misses you.
You hit salinator123's ghost.
Salinator123's ghost is heavily damaged.
Salinator123's ghost hits you but does no damage.
You barely miss salinator123's ghost.
You bite salinator123's ghost, but do no damage.
Salinator123's ghost is heavily damaged.
Salinator123's ghost hits you!
You die...

#.<# *,* ##.# *,*
#.# *,# #####
#.##*.#
#...####..##.#
#.$..........#
#............#####
#.................
#@W...............
#...######.#......
##### #........
*#....... #.......
####..)...(
#....>(####
#.####.# #.# #.#


You could see salinator123's ghost.

Vanquished Creatures
  An orc wizard (D:3)
  6 adders
  2 oozes (D:2)
  3 dart slugs
  2 leopard geckos
  7 orcs (D:3)
  9 bats
  2 giant cockroaches (D:3)
  8 goblins
  5 hobgoblins
  6 jackals (D:3)
  A quokka (D:2)
  5 frilled lizards
  7 kobolds
  5 rats
69 creatures vanquished.

Notes
Turn   | Place    | Note
-------+----------+-------------------------------------------
     0 | D:1      | RollingDesktops the Gnoll Warper began the quest for the Orb.
     0 | D:1      | Reached XP level 1. HP: 20/20 MP: 6/6
    77 | D:1      | Reached XP level 2. HP: 13/26 MP: 7/7
   563 | D:1      | Reached XP level 3. HP: 31/31 MP: 9/9
   593 | D:2      | Reached skill level 5 in Spellcasting
   601 | D:2      | HP: 1/31 [adder (1)]
   602 | D:2      | Reached skill level 1 in Invocations
   868 | D:2      | Reached skill level 1 in Short Blades
   868 | D:2      | Reached skill level 1 in Axes
   868 | D:2      | Reached skill level 1 in Maces & Flails
   868 | D:2      | Reached skill level 1 in Polearms
   868 | D:2      | Reached skill level 1 in Staves
   868 | D:2      | Reached skill level 1 in Slings
   868 | D:2      | Reached skill level 1 in Bows
   868 | D:2      | Reached skill level 1 in Crossbows
   868 | D:2      | Reached skill level 1 in Stealth
   868 | D:2      | Reached skill level 1 in Shields
   868 | D:2      | Reached skill level 1 in Unarmed Combat
   868 | D:2      | Reached skill level 1 in Evocations
   877 | D:2      | Reached XP level 4. HP: 25/38 MP: 11/11
  1169 | D:2      | Learned a level 2 spell: Blink
  1173 | D:2      | Learned a level 3 spell: Gell's Gravitas
  1177 | D:2      | Learned a level 3 spell: Teleport Other
  1182 | D:2      | Learned a level 4 spell: Passage of Golubria
  1243 | D:2      | Found a shattered altar of Ashenzari.
  1243 | D:2      | Found a glowing golden altar of the Shining One.
  1589 | D:2      | Reached skill level 1 in Conjurations
  1589 | D:2      | Reached skill level 1 in Hexes
  1589 | D:2      | Reached skill level 1 in Charms
  1589 | D:2      | Reached skill level 1 in Summonings
  1589 | D:2      | Reached skill level 1 in Necromancy
  1589 | D:2      | Reached skill level 1 in Transmutations
  1589 | D:2      | Reached skill level 1 in Fire Magic
  1589 | D:2      | Reached skill level 1 in Ice Magic
  1589 | D:2      | Reached skill level 1 in Air Magic
  1589 | D:2      | Reached skill level 1 in Earth Magic
  1589 | D:2      | Reached skill level 1 in Poison Magic
  2119 | D:3      | Reached XP level 5. HP: 25/43 MP: 12/12
  2302 | D:3      | HP: 2/43 [jackal (2)]
  2702 | D:3      | Found a hazy altar of Hepliaklqana.
  2768 | D:3      | Noticed salinator123's ghost (amateur HuFi)
  2801 | D:3      | Slain by salinator123's ghost

Skill      XL: |  1  2  3  4  5 |
---------------+----------------+-----
Spellcasting   | 5 |  5.2
Invocations    | 1 |  1.7
Short Blades   | 1 |  1.5
Axes           | 1 |  1.5
Maces & Flails | 1 |  1.5
Polearms       | 1 |  1.5
Staves         | 1 |  1.5
Slings         | 1 |  1.5
Bows           | 1 |  1.5
Crossbows      | 1 |  1.5
Stealth        | 1 |  1.5
Shields        | 1 |  1.5
Unarmed Combat | 1 |  1.5
Evocations     | 1 |  1.5
Conjurations   | 1 |  1.2
Hexes          | 1 |  1.2
Charms         | 1 |  1.2
Summonings     | 1 |  1.2
Necromancy     | 1 |  1.2
Transmutations | 1 |  1.2
Fire Magic     | 1 |  1.2
Ice Magic      | 1 |  1.2
Air Magic      | 1 |  1.2
Earth Magic    | 1 |  1.2
Poison Magic   | 1 |  1.2
Throwing       | 3 |  3.0
Armour         | 3 |  3.0
Fighting       | |  4.8
Long Blades    | |  4.8
Dodging        | |  4.8
Translocations | |  5.5

Action                   |  1- 3 |  4- 6 || total
-------------------------+-------+-------++-------
Melee: Falchion          |    67 |    96 ||   163
       Bite              |     7 |    17 ||    24
       Dagger            |       |    40 ||    40
Throw: Tomahawk          |       |     5 ||     5
  Use: Potion            |     3 |     1 ||     4
       Scroll            |       |     6 ||     6
 Stab: Distracted        |     1 |       ||     1
       Sleeping          |       |     1 ||     1
  Eat: Ration            |       |     4 ||     4
Armor: Leather armour    |    14 |    66 ||    80
Dodge: Dodged            |    85 |   171 ||   256
       Rpst.: Falchion   |    26 |    49 ||    75
